 Dungeon Crawl Stone Soup version 0.24.0-125-gc4c63601f3 (webtiles) character file.

Game seed: 4448654613199935727, levelgen mode: deterministic

53270 hazymike the Fighter (level 14, -8/156 HPs)
             Began as an Ogre Ice Elementalist on Feb 22, 2020.
             Was the Champion of Dithmenos.
             Mangled by a minotaur
             ... wielding an uncursed staff of death
              (17 damage)
             ... in a Gauntlet on Feb 23, 2020.
             The game lasted 04:53:59 (38281 turns).

hazymike the Fighter (Ogre Ice Elementalist)       Turns: 38281, Time: 04:53:59

Health: -8/156     AC: 18    Str: 15    XL:     14   Next: 67%
Magic:  2/23       EV: 16    Int: 20    God:    Dithmenos [******]
Gold:   1731       SH: 11    Dex:  9    Spells: 7/25 levels left

rFire    + . .     SeeInvis .   c - staff of summoning
rCold    + . .     Gourm    .   f - +1 shield {rC+ rF+}
rNeg     . . .     Faith    .   t - +0 troll leather armour
rPois    .         Spirit   .   r - +2 hat {MR+}
rElec    .         Reflect  .   K - +0 cloak
rCorr    .         Harm     .   (gloves unavailable)
MR       ++...     NoTele   +   (boots unavailable)
Stlth    ++........             (no amulet)
HPRegen  0.76/turn              u - +4 ring of evasion
MPRegen  0.18/turn              o - +3 ring of protection

@: icy armour, wreathed by umbra
A: large, unfitting armour, tough skin 1
a: Shadow Step, Shadow Form, Renounce Religion


You were in a Gauntlet.
You worshipped Dithmenos.
Dithmenos was exalted by your worship.
You were not hungry.

You visited 3 branches of the dungeon, and saw 22 of its levels.
You also visited: Bailey, Gauntlet and Volcano.

You collected 2643 gold pieces.
You spent 912 gold pieces at shops.

Inventory:

Hand Weapons
 a - a +2 falchion of protection
 b - a +3 hunting sling
Missiles
 i - 2 atropa-tipped darts (quivered)
 k - 89 sling bullets
 n - 4 throwing nets
 w - 6 boomerangs
 E - 4 javelins
 F - 5 stones
 T - 21 poisoned darts
 U - 9 curare-tipped darts
Armour
 d - the +1 robe "Inniuxi" {+Fly rF+}
   (You acquired it on level 11 of the Dungeon)

   It protects you from fire.
   It lets you fly.
 f - a +1 shield of resistance (worn)
 r - a +2 hat of magic resistance (worn)
 t - a +0 troll leather armour (worn)
 K - a +0 cloak (worn)
Magical Staves
 c - an uncursed staff of summoning (weapon)
Jewellery
 o - a +3 ring of protection (right hand)
 u - a +4 ring of evasion (left hand)
 H - an uncursed ring of protection from magic
 I - an uncursed ring of poison resistance
 Q - the ring "Hosy Cimp" {*Corrode +Inv rElec Dex+5 Stlth-}
   (You found it on level 2 of the Lair of Beasts)

   [ring of attention]

   It affects your dexterity (+5).
   It insulates you from electricity.
   It lets you turn invisible.
   It may corrode you when you take damage.
   It makes you less stealthy.
 X - an uncursed ring of positive energy
 Y - an uncursed ring of see invisible
Wands
 j - a wand of paralysis (18)
 m - a wand of acid (7)
 p - a wand of disintegration (13)
 x - a wand of polymorph (5)
 A - a wand of enslavement (12)
 D - a wand of digging (2)
 N - a wand of flame (16)
 P - a wand of scattershot (3)
Scrolls
 l - a scroll of amnesia
 s - a scroll of brand weapon
 v - 15 scrolls of remove curse
 y - a scroll of fear
 z - a scroll of blinking
 J - 2 scrolls of fog
 M - 4 scrolls of immolation
 V - a scroll of torment
 W - 5 scrolls of teleportation
Potions
 g - 2 potions of flight
 h - 2 potions of resistance
 q - 4 potions of lignification
 B - 3 potions of agility
 C - a potion of berserk rage
 G - 2 potions of brilliance
 L - 2 potions of haste
 O - 2 potions of might
 R - 2 potions of curing
Miscellaneous
 Z - a crystal ball of energy
Comestibles
 S - 29 rations


   Skills:
 + Level 14.2 Fighting
 - Level 8.0 Dodging
 - Level 2.0 Stealth
 - Level 9.0 Shields
 - Level 6.0 Spellcasting
   Level 0.8 Conjurations
 - Level 5.0 Hexes
 - Level 2.0 Charms
 - Level 8.0 Summonings
 - Level 8.0 Ice Magic
 - Level 5.0 Air Magic
 - Level 12.0 Invocations


You had 7 spell levels left.
You knew the following spells:

 Your Spells              Type           Power        Failure   Level  Hunger
a - Freeze                Ice            ####         1%          1    None
b - Ozocubu's Armour      Chrm/Ice       ####....     4%          3    ##.....
c - Summon Lightning Spi  Summ/Air       #####...     9%          4    ####...
d - Summon Butterflies    Summ           ######..     1%          1    None
e - Summon Ice Beast      Ice/Summ       ######..     4%          4    ####...
f - Summon Mana Viper     Hex/Summ       #####...     24%         5    #####..

Your spell library contained the following spells:

 Spells                   Type           Power        Failure   Level  Hunger
 Confusing Touch          Hex            ####..       1%          1    None
 Corona                   Hex            ####...      1%          1    None
 Summon Small Mammal      Summ           ####         1%          1    None
 Call Imp                 Summ           ######..     1%          2    None
 Ensorcelled Hibernation  Hex/Ice        ####..       1%          2    None
 Call Canine Familiar     Summ           ######..     1%          3    ##.....
 Summon Guardian Golem    Hex/Summ       #####...     2%          3    ##.....
 Throw Frost              Conj/Ice       ###...       3%          2    None
 Confuse                  Hex            ####....     4%          3    ##.....
 Tukima's Dance           Hex            ####....     4%          3    ##.....
 Infusion                 Chrm           ##..         5%          1    None
 Song of Slaying          Chrm           ##......     9%          2    None
 Spectral Weapon          Hex/Chrm       ###.....     9%          3    ##.....
 Dazzling Spray           Conj/Hex       ###...       12%         3    ##.....
 Shroud of Golubria       Chrm/Tloc      ##....       13%         2    None
 Throw Icicle             Conj/Ice       ###.....     21%         4    ####...
 Metabolic Englaciation   Hex/Ice        ####......   24%         5    #####..
 Regeneration             Chrm/Necr      ##........   26%         3    ##.....
 Gell's Gravitas          Tloc           #.........   36%         3    ##.....
 Petrify                  Tmut/Erth      #.......     77%         4    ####...
 Yara's Violent Unravell  Hex/Tmut       ###.......   77%         5    #####..
 Summon Hydra             Summ           ######....   99%         7    #######


Dungeon Overview and Level Annotations

Branches:
Dungeon (14/15)            Temple (0/1) D:6            Lair (6/6) D:10
 Shoals (0/4) Lair:4        Snake (0/4) Lair:2        Slime (0/5) Lair:6
    Orc (2/2) D:12         Bailey (visited)         Volcano (visited)
Gauntlet (1/1)
    Elf: Orc:2       Vaults: D:13-14

Altars:
Cheibriados
Dithmenos
Elyvilon
Fedhas
Ru
Sif Muna
Uskayaw
Xom
Yredelemnul
The Shining One
Jiyva

Shops:
D:4 [*[   D:6 [   D:7 *   D:13 *=   Orc:1 =   Orc:2 ?

Annotations:
Orc:2 exclusions: orc knight and troll Gauntlet 8 transporters


Innate Abilities, Weirdness & Mutations

You are too large for most types of armour.
You have tough skin. (AC +1)


Message History

Press: ? - help, Shift-Dir - straight line, f/p - minotaur
Aim: a minotaur, wielding a staff of death and wearing a +3 chain mail of cold resistance (severely wounded, fast, umbra)
The bolt of acid hits the minotaur but does no damage.
The minotaur is severely wounded.
The minotaur hits you with an uncursed staff of death!!
* * * LOW HITPOINT WARNING * * *
The minotaur gores you!
* * * LOW HITPOINT WARNING * * *
Quiver which item? (- for none, * to show all) (? for menu, Esc to quit)
Quivering
i - 3 atropa-tipped darts for throwing.
Throwing (i - inventory. (/) - cycle)
i - 3 atropa-tipped darts (quivered)
Press: ? - help, Shift-Dir - straight line, f/p - minotaur
Aim: a minotaur, wielding a staff of death and wearing a +3 chain mail of cold resistance (black smoke, severely wounded, fast, umbra, chance to blind on hit: 3%)
You throw an atropa-tipped dart.
The atropa-tipped dart hits the minotaur.
The minotaur resists.
The minotaur is severely wounded.
The minotaur misses you. The minotaur barely misses you.
The minotaur hits you with an uncursed staff of death!
You die...

### ###
#####################
##
#.................#
#.♣.♣.©.©.©.©.♣.♣.#
#.................#
###.#.#######.#.###
#.#....# ..#.#
#.#§##.#.##.# #
#.§§§H.......
#.#§@##'##..# #.#§§#
8# H# #.§§§# # ###8.#
####


You could see a minotaur.

Vanquished Creatures
  Harold (Lair:1)
  3 hydras
  A ghost crab (Gauntlet)
  A two-headed ogre (D:10)
  8 death yaks
  3 unseen horrors
  2 orc knights (Bailey)
  An anaconda skeleton (Volcano)
  2 orc sorcerers (Orc:2)
  2 elephants (Lair:6)
  2 guardian serpents (D:10)
  A torpor snail (Lair:6)
  A black mamba (Lair:1)
  19 spiny frogs
  8 komodo dragons
  A rime drake (Lair:6)
  A polar bear (Lair:4)
  A hornet (D:8)
  3 trolls
  25 blink frogs
  3 tyrant leeches (Lair:6)
  5 hippogriffs
  3 flying skulls (Volcano)
  7 spriggans (D:8)
  2 wraiths (D:13)
  A redback (shapeshifter) (Gauntlet)
  40 yaks
  3 wyverns
  3 basilisks
  Grum (Lair:1)
  6 vampire mosquitoes
  3 hungry ghosts
  A soldier ant (D:13)
  An acid dragon (D:11)
  4 wargs
  2 nagas (Lair:2)
  2 hell hounds (Lair:3)
  4 porcupines
  2 ice beasts
  6 water moccasins
  4 sky beasts
  20 orc warriors
  An eye of draining (D:12)
  7 ogres
  A necrophage (D:11)
  5 wolves (Lair:1)
  5 phantoms
  5 centaurs
  8 crocodiles
  2 big kobolds
  24 bullfrogs
  A wyvern zombie (D:10)
  A water moccasin skeleton (D:4)
  4 scorpions
  15 killer bees
  6 howler monkeys
  An electric eel (Lair:6)
  8 crimson imps
  A quasit (D:10)
  3 bullfrog zombies
  9 jellies
  9 orc priests
  13 orc wizards
  2 bullfrog skeletons
  8 hounds
  2 centaur skeletons
  Jessica (D:2)
  3 iguanas
  6 hell rats (Lair:5)
  7 worker ants
  4 hound zombies
  A hound skeleton (D:4)
  3 worker ant zombies
  11 gnolls
  14 adders
  2 shadow imps
  2 oozes
  4 adder skeletons
  2 adder zombies
  6 dart slugs
  6 leopard geckos
  71 orcs
  2 giant cockroaches (D:1)
  23 goblins
  17 hobgoblins
  20 jackals
  19 kobolds
  9 quokkas
  6 bats
  7 frilled lizards
  8 rats
  A fungus (D:4)
  2 plants
607 creatures vanquished.

Vanquished Creatures (collateral kills)
  The ghost of Comi the Carver, a journeyman TeBe of Trog (Lair:6)
  A death ooze (Lair:6)
  Erolcha (D:10)
  The ghost of Duaji the Blocker, a journeyman GrFi of Okawaru (Lair:2)
  2 hydras
  Sonja (Lair:3)
  An unseen horror (D:12)
  3 oklob plants (Lair:2)
  2 elephants
  A black mamba (Lair:4)
  7 spiny frogs
  A komodo dragon (Lair:3)
  An ice devil (Gauntlet)
  A queen bee (Lair:3)
  A troll (Orc:1)
  A tyrant leech (Lair:6)
  6 blink frogs
  A harpy skeleton (Volcano)
  3 slime creatures (Lair:6)
  A wyvern (Lair:4)
  Eustachio (D:4)
  12 yaks
  A naga (Lair:2)
  3 water moccasins (Lair:3)
  A sky beast (D:12)
  3 orc warriors
  2 wolves (Lair:1)
  2 crocodiles
  A gnoll sergeant (D:12)
  8 killer bees (Lair:3)
  7 jellies (Lair:6)
  An orc wizard (Orc:2)
  Crazy Yiuf (D:4)
  3 orc priests
  A hell rat (Lair:5)
  5 gnolls (D:12)
  3 white imps (Gauntlet)
  An ooze (Lair:6)
  8 orcs
  A goblin (Bailey)
  A hobgoblin (Bailey)
  A fungus (Lair:3)
  2 plants
106 creatures vanquished.

Vanquished Creatures (others)
  An orc warrior (Bailey)
  A killer bee (Lair:3)
  23 fungi
  35 plants
  A withered plant (Gauntlet)
61 creatures vanquished.

Grand Total: 774 creatures vanquished

Notes
Turn   | Place    | Note
-------+----------+-------------------------------------------
     0 | D:1      | hazymike the Ogre Ice Elementalist began the quest for the
                  | Orb.
     0 | D:1      | Reached XP level 1. HP: 16/16 MP: 3/3
   324 | D:1      | Reached XP level 2. HP: 24/26 MP: 2/5
   870 | D:1      | Reached skill level 1 in Fighting
   891 | D:1      | Reached XP level 3. HP: 33/33 MP: 4/7
  1510 | D:2      | Noticed Jessica
  1548 | D:2      | Learned a level 3 spell: Ozocubu's Armour
  1605 | D:2      | Found a shadowy altar of Dithmenos.
  1620 | D:2      | Became a worshipper of Dithmenos the Shadowed
  1901 | D:2      | Reached XP level 4. HP: 38/41 MP: 1/8
  2663 | D:2      | Killed Jessica
  2663 | D:2      | Reached XP level 5. HP: 47/49 MP: 2/9
  2867 | D:2      | Reached skill level 1 in Invocations
  2965 | D:3      | Reached * piety under Dithmenos
  2965 | D:3      | Reached skill level 2 in Fighting
  3091 | D:3      | Reached skill level 1 in Charms
  3119 | D:3      | Found a hide-covered altar of Uskayaw.
  3282 | D:3      | Found a white marble altar of Elyvilon.
  3731 | D:3      | Found a snail-covered altar of Cheibriados.
  4110 | D:4      | Reached XP level 6. HP: 59/59 MP: 8/11
  4243 | D:4      | Found a blossoming altar of Fedhas.
  4365 | D:4      | Found Vadu Jia's General Store.
  4513 | D:4      | Bought a scroll of remove curse for 36 gold pieces
  4723 | D:4      | Reached skill level 3 in Fighting
  4748 | D:4      | Noticed Eustachio
  4897 | D:4      | Found Ubilieju's Armour Shoppe.
  5004 | D:4      | Found Qycyjibb's Armour Emporium.
  5099 | D:4      | Reached XP level 7. HP: 67/67 MP: 12/12
  5478 | D:4      | Found a runed translucent door.
  5479 | D:4      | Noticed Crazy Yiuf
  5630 | D:5      | Entered Level 5 of the Dungeon
  5798 | D:5      | Reached ** piety under Dithmenos
  5807 | D:5      | Reached skill level 5 in Ice Magic
  5921 | D:5      | Reached skill level 4 in Fighting
  6186 | D:5      | Reached XP level 8. HP: 78/78 MP: 11/14
  6915 | D:6      | Reached skill level 1 in Shields
  6967 | D:6      | Found a staircase to the Ecumenical Temple.
  6992 | D:6      | Reached skill level 5 in Fighting
  7155 | D:6      | Reached XP level 9. HP: 23/88 MP: 2/15
  7741 | D:6      | Found Istroilu's Antique Armour Shop.
  8236 | D:6      | Bought a fine robe for 176 gold pieces
  8246 | D:6      | Identified the +0 robe of the Kangaroo {Str+6 Dex+2} (You
                  | bought it in a shop on level 6 of the Dungeon)
  8505 | D:7      | Reached skill level 6 in Fighting
  8592 | D:7      | Reached skill level 5 in Invocations
  8732 | D:7      | Identified the +3 buckler "Kinaf" {Str-3 Int+3}
  8837 | D:7      | Reached *** piety under Dithmenos
  9125 | D:7      | Found Jiler's Assorted Antiques.
  9129 | D:7      | Bought a ruby potion for 24 gold pieces
  9510 | D:8      | Noticed a hornet
  9675 | D:8      | Reached skill level 5 in Dodging
  9950 | D:8      | Found a shimmering blue altar of Sif Muna.
  9977 | D:8      | Reached skill level 7 in Fighting
 10019 | D:8      | Found a basalt altar of Yredelemnul.
 10019 | D:8      | Found a shimmering altar of Xom.
 10040 | D:8      | Paralysed by a hornet for 1 turns
 10043 | D:8      | Killed a hornet
 10043 | D:8      | Reached XP level 10. HP: 26/102 MP: 4/16
 11070 | D:8      | Reached skill level 8 in Fighting
 11210 | D:8      | Learned a level 4 spell: Summon Lightning Spire
 11237 | D:9      | Found a flagged portal.
 11264 | Bailey   | Entered a bailey
 11382 | Bailey   | Reached **** piety under Dithmenos
 11847 | Bailey   | Reached skill level 1 in Summonings
 11964 | Bailey   | Reached skill level 1 in Air Magic
 12081 | Bailey   | Noticed an orc warlord
 12082 | Bailey   | Noticed an orc knight
 12082 | Bailey   | Noticed an orc knight
 12098 | Bailey   | Killed an orc knight
 12186 | Bailey   | Killed an orc knight
 12186 | Bailey   | Reached skill level 5 in Shields
 12382 | Bailey   | Reached ***** piety under Dithmenos
 12382 | Bailey   | Reached XP level 11. HP: 98/113 MP: 9/17
 13117 | D:9      | Found a sacrificial altar of Ru.
 13458 | D:9      | Reached skill level 9 in Fighting
 13889 | D:10     | Entered Level 10 of the Dungeon
 14811 | D:9      | Learned a level 1 spell: Summon Butterflies
 15199 | D:10     | Killed an unseen horror
 15483 | D:10     | Found a staircase to the Lair.
 15668 | D:9      | Killed an unseen horror
 16462 | D:10     | Noticed Erolcha
 16479 | D:10     | Noticed a two-headed ogre
 16499 | D:10     | Killed a two-headed ogre
 17359 | D:11     | Identified the +10 shortbow "Kaoth" {flame, *Slow Str+6}
 17767 | D:11     | Reached skill level 10 in Fighting
 18067 | D:11     | Learned a level 4 spell: Summon Ice Beast
 18227 | D:11     | Killed an unseen horror
 18227 | D:11     | Reached XP level 12. HP: 117/126 MP: 10/18
 18295 | D:11     | Identified a scroll of acquirement
 18296 | D:11     | Got a brightly glowing robe
 18297 | D:11     | Identified the +1 robe "Inniuxi" {+Fly rF+} (You acquired
                  | it on level 11 of the Dungeon)
 18358 | D:11     | You fall into a shaft and drop 3 floors!
 18369 | D:13     | Noticed a death knight
 18643 | D:13     | Noticed a centaur warrior
 18662 | D:13     | Found Tufar's Blood Bar.
 18675 | D:13     | Found Olyecaho's Jewellery Emporium.
 18946 | D:11     | Found a glowing golden altar of the Shining One.
 19512 | D:4      | Bought a +1 shield of resistance for 511 gold pieces
 20376 | D:12     | Found a staircase to the Orcish Mines.
 20496 | Lair:1   | Entered Level 1 of the Lair of Beasts
 20973 | Lair:1   | Noticed Grum
 21082 | Lair:1   | Noticed Harold
 21085 | Lair:1   | Killed Grum
 21096 | Lair:1   | Killed Harold
 22615 | Lair:2   | Noticed a seven-headed hydra
 22778 | Lair:2   | Killed a seven-headed hydra
 23038 | Lair:2   | Reached skill level 5 in Air Magic
 23290 | Lair:2   | Noticed a five-headed hydra
 23303 | Lair:2   | Killed a five-headed hydra
 23303 | Lair:2   | Reached skill level 11 in Fighting
 23303 | Lair:2   | Reached skill level 5 in Spellcasting
 23512 | Lair:2   | Reached skill level 5 in Summonings
 23619 | Lair:2   | Found a staircase to the Snake Pit.
 23970 | Lair:2   | Found a large runed translucent door.
 23970 | Lair:2   | Found a large runed translucent door.
 24128 | Lair:2   | Got a smoking bronze ring
 24137 | Lair:2   | Identified the ring "Hosy Cimp" {*Corrode +Inv rElec Dex+5
                  | Stlth-} (You found it on level 2 of the Lair of Beasts)
 24145 | Lair:2   | Noticed Duaji's ghost (journeyman GrFi)
 24184 | Lair:2   | Learned a level 5 spell: Summon Mana Viper
 24628 | Lair:3   | Reached XP level 13. HP: 97/137 MP: 8/21
 24680 | Lair:3   | Reached skill level 1 in Hexes
 24806 | Lair:3   | Noticed Sonja
 24822 | Lair:3   | Killed Sonja
 25228 | Lair:3   | Found a dark tunnel.
 25231 | Volcano  | Entered a volcano
 25389 | Volcano  | Reached skill level 10 in Invocations
 25733 | Lair:3   | HP: 6/139 [killer bee (5)]
 25742 | Lair:3   | HP: 1/139 [killer bee (8)]
 25750 | Lair:3   | HP: 1/139 [killer bee (7)]
 27074 | Lair:4   | Found a staircase to the Shoals.
 27686 | Lair:4   | Reached skill level 12 in Fighting
 28922 | Lair:4   | Reached ****** piety under Dithmenos
 29961 | Lair:6   | Entered Level 6 of the Lair of Beasts
 31143 | Lair:6   | Reached XP level 14. HP: 150/150 MP: 0/23
 31784 | Lair:6   | Reached skill level 13 in Fighting
 32520 | Lair:6   | Reached skill level 5 in Hexes
 32664 | Lair:6   | Found a staircase to the Slime Pits.
 32903 | Lair:6   | Found a runed translucent gate.
 32904 | Lair:6   | Found a runed translucent gate.
 32904 | Lair:6   | Found a runed translucent gate.
 32906 | Lair:6   | Noticed Comi's ghost (journeyman TeBe)
 32907 | Lair:6   | Found a viscous altar of Jiyva.
 33082 | Lair:6   | Got a dazzling war axe
 34297 | Lair:6   | Identified the +0 war axe "Guom Dor" {freeze, Int+2} (You
                  | found it on level 6 of the Lair of Beasts)
 34494 | Lair:6   | Killed Comi's ghost
 34921 | Lair:2   | Killed Duaji's ghost
 35000 | D:10     | Killed Erolcha
 35175 | D:4      | Killed Eustachio
 35254 | D:4      | Killed Crazy Yiuf
 36274 | Orc:1    | Entered Level 1 of the Orcish Mines
 36768 | Orc:1    | Found Tonuu's Jewellery Shop.
 37409 | Orc:2    | Entered Level 2 of the Orcish Mines
 37513 | Orc:2    | Reached skill level 14 in Fighting
 37556 | Orc:2    | Found Dymock's Magic Scroll Boutique.
 37567 | Orc:2    | Bought a scroll of teleportation for 45 gold pieces
 37567 | Orc:2    | Bought a scroll of teleportation for 45 gold pieces
 37567 | Orc:2    | Bought a scroll of teleportation for 45 gold pieces
 37567 | Orc:2    | Bought a scroll of identify for 30 gold pieces
 37692 | Orc:2    | Found a gate leading to a gauntlet.
 37709 | Gauntlet | Entered a Gauntlet
 37709 | Gauntlet | Found a transporter.
 37719 | Gauntlet | Found a transporter.
 37729 | Gauntlet | Found a transporter.
 37733 | Gauntlet | Found a transporter.
 37738 | Gauntlet | Found a transporter.
 37754 | Gauntlet | Found a transporter.
 37764 | Gauntlet | Found a transporter.
 37767 | Gauntlet | Noticed a dire elephant
 37775 | Gauntlet | Found a transporter.
 37780 | Gauntlet | Found a transporter.
 37797 | Gauntlet | Found a transporter.
 37808 | Gauntlet | Found a transporter.
 37808 | Gauntlet | Found a transporter.
 37856 | Gauntlet | Noticed an entropy weaver
 37860 | Gauntlet | Found a transporter.
 37873 | Gauntlet | Found a transporter.
 38281 | Gauntlet | Mangled by a minotaur

Levels and vault maps discovered:
D:1:      ebering_trefoil_3fold, layout_loops_ring
D:2:      layout_loops_corners, nicolae_dithmenos_through_a_glass_darkly,
          uniq_jessica
D:3:      layout_loops_ring, eat_drink_and_be_merry_uskayaw,
          overflow_temple_1_default, first_ration, kennysheep_slug_shrine
D:4:      layout_basic, fedhas_altar_4, serial_shops, nicolae_shop_stone,
          kennysheep_mini, shop, uniq_crazy_yiuf_cottage, uniq_eustachio
D:5:      layout_loops_ring
D:6:      layout_basic, minmay_temple_entry_ruins, serial_shops,
          nicolae_shop_crystal
D:7:      layout_gridville, serial_shops, shop_fountains
D:8:      kb_forest_paths, layout_rooms,
          chequers_temple_overflow_statue_of_worship, old_standard_altar,
          grunt_pizzeria
D:9:      layout_cave_pods, nicolae_overflow_crystal_walls, enter_bailey_2,
          minmay_misc_feat_roman
D:10:     nrook_guardian_serpent_snake_passage, layout_basic, dpeg_oklobed_lair,
          uniq_erolcha
D:11:     layout_rooms, nicolae_tso_swordbearing_angel
D:12:     layout_cave_pods, orc_0_dummy
D:13:     layout_layer_cave, serial_shops, shop, guppyfry_shop_blood
D:14:     layout_big_octagon, portal_ice_cave_rime, lemuel_altar_in_water,
          serial_shops, kennysheep_little_box, serial_glass, glass_columns_a,
          glass_columns_a, glass_columns_a, glass_columns_b, glass_columns_a,
          glass_columns_a, due_unseen_surprise, minmay_strange_pillars,
          minivault_8
Lair:1:   layout_regular_city, grunt_megastairs_2, uniq_harold, uniq_grum
Lair:2:   layout_concentric_octagons, guppyfry_snake_entry_island,
          ebering_ghost_disaster_area, grunt_megastairs_3,
          minmay_lair_oklob_chamber
Lair:3:   layout_hall_layers, enter_volcano_3, special_room [special_room_bee],
          lemuel_fruit_tree, uniq_sonja
Lair:4:   layout_gridlike, shoals_dummy_entry
Lair:5:   layout_roguey, beast_lair_carwin_3
Lair:6:   minmay_lair_end_frog_pond, layout_big_grid,
          minmay_slime_entry_jelly_boxes, gammafunk_ghost_ooze
Orc:1:    minmay_goldmine, layout_caves, minmay_shop_enchanted_jewellery,
          nicolae_orc_crystal_geode
Orc:2:    st_orc_pillars, layout_caves, gauntlet_entry_generic, serial_shops,
          nicolae_shop_behind_doors, nicolae_orc_bridge_out,
          nicolae_orc_lost_temple
Gauntlet: minmay_gauntlet_77_tree [minmay_gauntlet_arena_77_chump_sandwich,
          minmay_gauntlet_arena_77_two_paths,
          minmay_gauntlet_arena_77_double_cross,
          minmay_gauntlet_arena_77_tiled_triplets,
          minmay_gauntlet_arena_77_museum, minmay_gauntlet_arena_77_mess,
          minmay_gauntlet_arena_77_braids,
          nicolae_gauntlet_exit_dead_adventurers]

Skill      XL: |  1  2  3  4  5  6  7  8  9 10 11 12 13 14 |
---------------+-------------------------------------------+-----
Ice Magic      | 3 4 5 6 8 |  8.0
Dodging        | 2 3 4 5 6 7 8 |  8.0
Fighting       | 1 2 3 4 5 7 8 10 11 12 14 | 14.2
Spellcasting   | 3 4 5 6 |  6.0
Stealth        | 2 |  2.0
Invocations    | 1 2 3 4 5 7 8 9 10 12 | 12.0
Charms         | 1 2 |  2.0
Shields        | 2 3 5 6 7 8 9 |  9.0
Summonings     | 2 4 5 6 8 |  8.0
Air Magic      | 1 4 5 |  5.0
Hexes          | 4 5 |  5.0
Conjurations   | |  0.8

Action                   |  1- 3 |  4- 6 |  7- 9 | 10-12 | 13-15 || total
-------------------------+-------+-------+-------+-------+-------++-------
Melee: Unarmed           |    13 |       |       |       |       ||    13
       Dagger            |       |     1 |    20 |       |       ||    21
       Falchion          |       |       |     3 |    18 |   204 ||   225
       Hunting sling     |       |       |       |     1 |       ||     1
 Fire: Hunting sling     |       |    87 |   210 |   454 |   105 ||   856
Throw: Stone             |    63 |    38 |       |       |     4 ||   105
       Dart              |       |       |    25 |    76 |   208 ||   309
       Boomerang         |       |       |    13 |    30 |    69 ||   112
       Large rock        |       |       |       |     8 |       ||     8
 Cast: Freeze            |    57 |    80 |   167 |   511 |   598 ||  1413
       Ozocubu's Armour  |       |     2 |    10 |    69 |    70 ||   151
       Summon Lightning  |       |       |       |    12 |    98 ||   110
       Summon Ice Beast  |       |       |       |     4 |    26 ||    30
       Summon Butterflie |       |       |       |     4 |     1 ||     5
       Summon Mana Viper |       |       |       |       |     3 ||     3
Evoke: Wand              |       |       |     6 |    11 |     7 ||    24
  Use: Scroll            |       |     7 |     6 |    21 |     9 ||    43
       Potion            |       |       |     1 |     6 |     3 ||    10
 Stab: Sleeping          |       |     1 |     2 |     3 |     2 ||     8
       Distracted        |       |       |       |       |     6 ||     6
  Eat: Chunk             |     3 |    10 |    16 |    41 |    40 ||   110
       Ration            |       |       |       |     6 |     7 ||    13
Armor: Robe              |    13 |    17 |    49 |   210 |    43 ||   332
       Troll leather arm |       |       |       |       |   210 ||   210
Dodge: Dodged            |    25 |    34 |   193 |   565 |   453 ||  1270
Block: Shield            |       |       |       |   143 |   488 ||   631
       Rpst.: Falchion   |       |       |    38 |    77 |   112 ||   227
